 Dungeon Crawl Stone Soup version 0.20.0-15-g7f486f2 (webtiles) character file.

113 Monsterracer the Cudgeler (level 4, -2/23 HPs)
             Began as a Gargoyle Gladiator on June 10, 2017.
             Slain by Natasha (3 damage)
             ... on level 2 of the Dungeon.
             The game lasted 00:04:05 (1487 turns).

Monsterracer the Cudgeler (Gargoyle Gladiator)      Turns: 1487, Time: 00:04:05

Health: -2/23      AC:  9    Str: 19    XL:     4   Next: 96%
Magic:  4/4        EV: 12    Int:  8    God:
Gold:   23         SH:  0    Dex: 11    Spells: 3/3 levels left

rFire    . . .     SeeInvis .   a - +0 flail
rCold    . . .     Gourm    .   (no shield)
rNeg     + . .     Faith    .   k - +0 ring mail (curse)
rPois    ∞         Spirit   .   c - +0 helmet
rElec    +         Reflect  .   (no cloak)
rCorr    .         Harm     .   (no gloves)
MR       .....                  (no boots)
Stlth    +.........             (no amulet)
Regen    0.1/turn               (no ring)
MPRegen  0.1/turn               (no ring)

@: slowed, very slow
A: blurry vision 1, frail 1, negative energy resistance 1, electricity
resistance, wild magic 1, unbreathing, petrification resistance, rot immunity,
sturdy frame 1, AC +3
a: no special abilities


You were on level 2 of the Dungeon.
You were not hungry.

You visited 1 branch of the dungeon, and saw 2 of its levels.

You collected 23 gold pieces.

Inventory:

Hand Weapons
 a - a +0 flail (weapon)
Missiles
 d - 3 throwing nets (quivered)
Armour
 c - a +0 helmet (worn)
 j - a +0 buckler
 k - a cursed +0 ring mail (worn)
Scrolls
 b - a scroll of blinking {unknown}
 e - 3 scrolls of remove curse {unknown}
 h - a scroll of teleportation {unknown}
 i - a scroll of fog {unknown}
 l - a scroll of fear {unknown}
 n - a scroll of amnesia {unknown}
 p - 2 scrolls of identify {unknown}
 q - a scroll of enchant armour {unknown}
Comestibles
 f - a bread ration
 g - a meat ration
 m - a fruit
 o - 2 royal jellies


   Skills:
 - Level 2.1 Fighting
 + Level 5.4 Maces & Flails
 - Level 1.7 Throwing
 - Level 2.4 Dodging


You had 3 spell levels left.
You didn't know any spells.

Dungeon Overview and Level Annotations

Branches:
Dungeon (2/15)

Altars:

Annotations:
D:2 Natasha


Innate Abilities, Weirdness & Mutations

You are resistant to torment.
Your stone body is resilient. (AC +3)
You are immune to poison.
You resist negative energy. (rN+)
You are resistant to electric shocks. (rElec)
You can survive without breathing.
You are immune to petrification.
You are immune to rotting.
Scrolls take you a little longer to read.
You are frail. (-10% HP)
Your spells are a little harder to cast, but a little more powerful.
Your movements are slightly less encumbered by armour. (ER -2)


Message History

You barely miss Natasha.
Natasha is lightly wounded.
Natasha claws you. Natasha barely misses you.
You barely miss Natasha.
Natasha is lightly wounded.
Natasha claws you but does no damage.
Natasha stares at you and mumbles some strange words.
The magic dart hits you!
* * * LOW HITPOINT WARNING * * *
You barely miss Natasha.
Natasha is lightly wounded.
Natasha claws you but does no damage.
You miss Natasha.
Natasha is lightly wounded.
Natasha misses you. Natasha claws you!
* * * LOW HITPOINT WARNING * * *
You miss Natasha.
Natasha is lightly wounded.
Natasha claws you.
You die...

#....#.#.###.###...##......# #
##.#.#<#.##....#...#.......####
#...†....+...†'.....†.........
#.#.....##....#####...##.#####
#.########....# #...##..#
#.#...........### #######.#
#.#.####........##### ###.####
#. #....()....... #.......
#.....@h...... #.##.###
#............. #. #.#
#............. # #..
#............. ##.#
#............. .#
#............. .#
#########..... .. ####. #.


You could see Natasha.

Vanquished Creatures
  Natasha (twice) (D:2)
  2 adders (D:2)
  A dart slug (D:2)
  A leopard gecko (D:1)
  8 bats
  2 giant cockroaches
  5 goblins
  4 hobgoblins
  2 ball pythons (D:1)
  9 frilled lizards
  4 kobolds
  6 rats
46 creatures vanquished.

Notes
Turn   | Place    | Note
-------+----------+-------------------------------------------
     0 | D:1      | Monsterracer the Gargoyle Gladiator began the quest for the Orb.
     0 | D:1      | Reached XP level 1. HP: 12/12 MP: 1/1
   137 | D:1      | Reached XP level 2. HP: 16/17 MP: 2/2
   490 | D:1      | Reached skill level 4 in Maces & Flails
   869 | D:2      | Reached XP level 3. HP: 19/21 MP: 3/3
   913 | D:2      | Noticed Natasha
   927 | D:2      | Killed Natasha
   935 | D:2      | Noticed Natasha
   951 | D:2      | Killed Natasha
   951 | D:2      | Reached skill level 5 in Maces & Flails
   951 | D:2      | Reached XP level 4. HP: 17/26 MP: 4/4
  1224 | D:2      | Gained mutation: Your spells are a little harder to cast, but a little more powerful. [potion of mutation]
  1224 | D:2      | Gained mutation: Scrolls take you a little longer to read. [potion of mutation]
  1224 | D:2      | Gained mutation: You are frail. (-10% HP) [potion of mutation]
  1224 | D:2      | Gained mutation: Your movements are slightly less encumbered by armour. (ER -2) [potion of mutation]
  1478 | D:2      | Noticed Natasha
  1486 | D:2      | HP: 1/23 [Natasha (7)]
  1487 | D:2      | Slain by Natasha

Skill      XL: |  1  2  3 |
---------------+----------+-----
Maces & Flails | 4 5 |  5.4
Fighting       | |  2.1
Throwing       | |  1.7
Dodging        | |  2.4

Action                   |  1- 3 |  4- 6 || total
-------------------------+-------+-------++-------
Melee: Flail             |   101 |    66 ||   167
  Use: Potion            |     1 |     2 ||     3
  Eat: Chunk             |       |     2 ||     2
Armor: Leather armour    |    20 |       ||    20
       Ring mail         |    69 |    27 ||    96
Dodge: Dodged            |   105 |    39 ||   144
